cohdb
Replays
Latest Replays
All Replays
Popular Replays
Top Player Replays
Match Explorer
How It Works
Community
CoH3 Stats
Reddit
Sign in to upload your games and track your stats! →
Sign in with Steam
Match 41043502
Unlisted
Match 41043502
Overview
Messages
Build Orders
End
Panzergrenadier Squad
Selects Italian Infantry
250 Light Carrier
Panzergrenadier Squad
Construct Light Support Kompanie
Selects Guastatori Squad
Selects L6/40 Light Tank Combat Group
L6/40 Light Tank Combat Group
Guastatori Squad
Guastatori Squad
Fire Support Elements
Selects Defensive Operations
Selects Territory Booby Traps
2.5-tonne Medical Truck
Veteran Squad Leaders
Construct Panzerarmee Kommand
Panzerjäger Mechanized Group
Selects Obice 305mm Barrage
Guastatori Squad
Armored Reserves
StuG Assault Group
Egbe
F l i p p y
ggbilli
LIKEING FUCK
Skiff
iExploze
0
0
Comments
sign in to comment!
No comments posted yet!